 Dungeon Crawl Stone Soup version 0.15-a0-481-g5350d32 (webtiles) character file.

204 Infinimo the Cudgeler (level 6, -2/55 HPs)
             Began as a Kobold Berserker on May 7, 2014.
             Was a Priest of Trog.
             Slain by an orc wizard
             ... wielding a +0,+0 dagger
              (5 damage)
             ... on Level 3 of the Dungeon.
             The game lasted 00:03:58 (3293 turns).

Infinimo the Cudgeler (Kobold Berserker)            Turns: 3293, Time: 00:03:58

HP  -2/55        AC  2     Str 23      XL: 6   Next:  9%
MP   6/6         EV 16     Int  6      God: Trog [***...]
Gold 182         SH  0     Dex 14      Spells:  0 memorised,  5 levels left

rFire  . . .     SeeInvis .     a - +0,+1 mace
rCold  . . .     Clarity  +     b - +0 animal skin
rNeg   . . .     Conserve .     (no shield)
rPois  .         rCorr    .     (no helmet)
rElec  .         rRot     .     (no cloak)
SustAb + .       Spirit   .     (no gloves)
rMut   .         Warding  .     (no boots)
Saprov + + .     Stasis   .     e - amulet of clarity
MR     .....                    (no ring)
                                n - ring of sustain abilities

@: berserking, very quick, not resistant to hostile enchantments, extremely
unstealthy
A: disease resistance, carnivore 3, saprovore 2
a: Burn Spellbooks, Berserk, Trog's Hand, Renounce Religion


You were on level 3 of the Dungeon.
You worshipped Trog.
Trog was most pleased with you.
You were full.

You visited 1 branch of the dungeon, and saw 3 of its levels.

You collected 182 gold pieces.

Inventory:

Hand weapons
 a - a +0,+1 mace (weapon)
Armour
 b - a +0 animal skin (worn)
Magical devices
 k - a wand of random effects (5) {unknown}
Comestibles
 c - 3 meat rations
Scrolls
 d - 3 scrolls of identify
 g - 2 scrolls of enchant weapon I {unknown}
 l - 2 scrolls of teleportation {unknown}
 o - 2 scrolls of remove curse
 p - a scroll of enchant armour {unknown}
 r - a scroll of blinking {unknown}
Jewellery
 e - an amulet of clarity (around neck)
 j - an uncursed amulet of resist corrosion
 n - a ring of sustain abilities (left hand)
Potions
 f - a potion of flight {unknown}
 h - a potion of might
 i - a potion of restore abilities {unknown}
 m - 2 potions of curing
 q - a potion of magic {unknown}


   Skills:
 - Level 3.2 Fighting
 * Level 5.5 Maces & Flails
 - Level 1.5 Armour
 + Level 4.2 Dodging


You had 5 spell levels left.
You didn't know any spells.

Dungeon Overview and Level Annotations

Branches:
Dungeon (3/15)

Altars:
Cheibriados
Fedhas
Kikubaaqudgha
Okawaru
Vehumet


Innate Abilities, Weirdness & Mutations

You recuperate from illness quickly.
You are small and have problems with some larger weapons.
You are carnivorous and can eat meat at any time.
You can eat rotten meat.


Message History

You have reached level 6!
Your experience leads to an increase in your attributes!
Increase (S)trength, (I)ntelligence, or (D)exterity?
You feel stronger. The orc wizard hits you with a dagger.
* * * LOW HITPOINT WARNING * * *
The orc hits you with a whip.
* * * LOW HITPOINT WARNING * * *
The orc wizard gestures wildly while chanting.
The orc wizard flickers and vanishes!
Deactivating autopickup; reactivate with Ctrl-A.
You hear some strange, mumbled words.
The puff of flame hits you!
* * * LOW HITPOINT WARNING * * *
You are too berserk!
You sock the orc!
You kill the orc!
Trog accepts your kill.
You hit something but do no damage. Something hits you.
You die...

####### #.#.#.##
######### #(≈≈≈≈≈##
###........ ((....._###
#.@).......# #≈≈≈≈≈≈##.#
#.#[...?...# ##.#.#.#..#
#(#........#
########..#####)#........
......%.>.##..(.#........
..........##.####........
%.........'..# #..?....
..........#### #...>..
......)...# #.<...


There were no monsters in sight!

Vanquished Creatures
  Sigmund (D:2)
  An orc priest (D:3)
  2 adders
  A worm (D:3)
  3 oozes
  8 orcs (D:3)
  7 giant cockroaches
  8 goblins
  9 hobgoblins
  4 jackals
  A ball python (D:2)
  9 bats
  3 giant newts
  A giant newt zombie (D:3)
  10 kobolds
  5 rats
73 creatures vanquished.

Notes
Turn   | Place    | Note
--------------------------------------------------------------
     0 | D:1      | Infinimo, the Kobold Berserker, began the quest for the Orb.
     0 | D:1      | Reached XP level 1. HP: 14/14 MP: 1/1
     6 | D:1      | Noticed an anaconda
     6 | D:1      | Noticed a fire drake
     6 | D:1      | Noticed a hog
     6 | D:1      | Noticed a komodo dragon
     6 | D:1      | Noticed a polar bear
   588 | D:1      | Reached XP level 2. HP: 10/19 MP: 2/2
  1157 | D:2      | Reached XP level 3. HP: 23/23 MP: 3/3
  1215 | D:2      | HP: 1/23 [poisoned by a kobold]
  1562 | D:2      | Found a radiant altar of Vehumet.
  1594 | D:2      | Noticed Sigmund
  1604 | D:2      | Killed Sigmund
  1604 | D:2      | Acquired Trog's second power
  1604 | D:2      | Reached skill level 4 in Maces & Flails
  1604 | D:2      | Reached XP level 4. HP: 28/28 MP: 4/4
  1719 | D:2      | Reached XP level 5. HP: 29/32 MP: 5/5
  1774 | D:2      | Found a blossoming altar of Fedhas.
  1775 | D:2      | Found an ancient bone altar of Kikubaaqudgha.
  2342 | D:3      | Reached skill level 5 in Maces & Flails
  2383 | D:3      | Found a blossoming altar of Fedhas.
  2607 | D:3      | Found a snail-covered altar of Cheibriados.
  3183 | D:3      | Found an iron altar of Okawaru.
  3287 | D:3      | Reached XP level 6. HP: 17/37 MP: 6/6
  3293 | D:3      | Slain by an orc wizard

Action                   |  1- 3 |  4- 6 || total
-------------------------+-------+-------++-------
Melee: Mace              |    80 |   142 ||   222
Invok: Berserk           |     3 |     4 ||     7
  Use: Scroll            |       |     7 ||     7
       Potion            |       |     1 ||     1
 Stab: Sleeping          |       |     1 ||     1
